 Dungeon Sprint DCSS version 0.16-a0-3029-g57b17b4 (webtiles) character file.

14366 BluebellGnoll the Eclecticist (level 11, -10/54 HPs)
             Began as a Deep Elf Fire Elementalist on Dec 8, 2014.
             Was the Champion of Vehumet.
             Killed from afar by a guardian serpent (22 damage)
             ... with a bolt of poison
             ... in the Dungeon (Sprint V: "Ziggurat Sprint").
             The game lasted 00:27:34 (1316 turns).

BluebellGnoll the Eclecticist (DEFE)                Turns: 1316, Time: 00:27:35

Health: -10/54     AC:  6    Str:  5    XL:     11   Next: 87%
Magic:  34/38      EV: 16    Int: 30    God:    Vehumet [******]
Gold:   0          SH: 27    Dex: 15    Spells: 13 memorised, 8 levels left

rFire  + . .     SeeInvis .     X - +5 iron rod (13/13)
rCold  + + +     Clarity  .     M - +2 robe {rC+ rF+}
rNeg   + . .     SustAb   +     I - +18 shield of the gong {rElec rN+ MR+ EV-5}
rPois  .         Gourm    .     (no helmet)
rElec  +         Spirit   .     (no cloak)
rCorr  .         Warding  .     (no gloves)
rMut   .         NoTele   +     p - +1 pair of boots {Stlth+}
MR     ++...                    (no amulet)
Stlth  ..........               s - +6 ring of intelligence
                                R - ring "Ikaadom" {SustAb rC++ Stlth---}

@: lethally poisoned, constricted, very resistant to hostile enchantments,
extremely unstealthy
A: no striking features
a: Renounce Religion


You were in the Dungeon.
You worshipped Vehumet.
Vehumet was exalted by your worship.
You were full.

You visited 1 branch

Inventory:

Hand weapons
 a - the cursed +9 shortbow "Taoxuuf" {flame, rPois rC+ MR+ Str-2}
   (You found it in the Dungeon)

   It turns projectiles fired from it into bolts of flame.
   It affects your strength (-2).
   It protects you from cold.
   It protects you from poison.
   It affects your resistance to hostile enchantments.
   It has a curse placed upon it.
 F - the +14 obsidian axe {chop, +Fly Str+3 SInv Curse}
   (You found it in the Dungeon)

   It inflicts extra damage upon your enemies.
   It affects your strength (+3).
   It enhances your eyesight.
   It lets you fly.
   It may recurse itself when equipped.
 J - a +5 quick blade of flaming
Armour
 p - a +1 pair of boots of stealth (worn)
 I - the +18 shield of the gong (worn) {rElec rN+ MR+ EV-5}
   (You found it in the Dungeon)

   It affects your evasion (-5).
   It insulates you from electricity.
   It protects you from negative energy.
   It affects your resistance to hostile enchantments.
 K - a +5 gold dragon armour
 M - a +2 robe of resistance (worn)
 Q - a +2 buckler of reflection
 T - a +2 robe of the Archmagi
Rods
 X - a +5 iron rod (13/13) (weapon)
   (You found it in the Dungeon)
 Z - a +3 rod of inaccuracy (14/14)
   (You found it in the Dungeon)
Jewellery
 s - a +6 ring of intelligence (right hand)
 R - the ring "Ikaadom" (left hand) {SustAb rC++ Stlth---}
   (You took it off an orc in the Dungeon)

   [ring of sustain abilities]

   It sustains your strength, intelligence and dexterity.
   It greatly protects you from cold.
   It makes you much less stealthy.
 S - an uncursed ring of protection from cold
 U - an uncursed ring of poison resistance
Magical devices
 l - a wand of disintegration (7)
 m - a wand of fire (5)
 n - a wand of cold (5)
 o - a wand of draining (5)
 w - a wand of hasting (4)
Scrolls
 i - 2 scrolls of blinking
 q - 4 scrolls of amnesia
 r - 3 scrolls of recharging
 u - 7 scrolls of fog
 v - a scroll of holy word
 y - 5 scrolls of identify
 z - 4 scrolls of remove curse
 A - 2 scrolls of fear
Potions
 d - 9 potions of curing
 e - 11 potions of heal wounds
 f - 4 potions of haste
 g - 7 potions of magic
 h - 3 potions of berserk rage
 B - 2 potions of brilliance
 C - 2 potions of invisibility
 D - 2 potions of restore abilities
 E - 4 potions of resistance
 G - 3 potions of agility
 H - 6 potions of might
Books
 O - a Grand Grimoire This book is beyond your current level of understanding.

   Spells                             Type                      Level
   a - Aura of Abjuration             Summoning                    6
   b - Forceful Dismissal             Summoning                    6
   c - Summon Greater Demon           Summoning                    7
   d - Malign Gateway                 Summoning/Translocation      7
   e - Summon Horrible Things         Summoning                    8
 P - a book of Maledictions

   Spells                             Type                      Level
   a - Corona                         Hexes                        1
   b - Sure Blade                     Hexes/Charms                 2
   c - Ensorcelled Hibernation        Hexes/Ice                    2
   d - Confuse                        Hexes                        3
   e - Dazzling Spray                 Conjuration/Hexes            3
   f - Enslavement                    Hexes                        4
 Y - a book of the Tempests

   Spells                             Type                      Level
   a - Static Discharge               Conjuration/Air              3
   b - Lightning Bolt                 Conjuration/Air              5
   c - Fireball                       Conjuration/Fire             5
   d - Tornado                        Air                          9
   e - Shatter                        Earth                        9
Miscellaneous
 b - a phial of floods (inert, charging)
 x - a disc of storms
 L - a box of beasts
 V - a lamp of fire
 W - a lamp of fire
Comestibles
 c - 5 bread rations
 j - 34 fruits
 k - 4 meat rations
 N - 3 royal jellies


   Skills:
 - Level 0.2 Axes
 * Level 15.5 Dodging
 - Level 4.5 Stealth
 - Level 6.1 Shields
 - Level 20.7 Spellcasting
 - Level 14.3 Conjurations
 - Level 8.4 Hexes
 - Level 9.0 Fire Magic
 - Level 3.3 Air Magic
 * Level 11.7 Evocations


You had 8 spell levels left.
You knew the following spells:

 Your Spells              Type           Power        Failure   Level  Hunger
a - Flame Tongue          Conj/Fire      #####        1%          1    None
b - Throw Flame           Conj/Fire      ######       1%          2    None
c - Conjure Flame         Conj/Fire      #######.     1%          3    None
d - Inner Flame           Hex/Fire       ######..     1%          3    None
e - Sticky Flame          Conj/Fire      #######.     1%          4    None
f - Fireball              Conj/Fire      #######...   1%          5    None
g - Dazzling Spray        Conj/Hex       #######.     1%          3    None
h - Stone Arrow           Conj/Erth      ######       1%          3    None
i - Confuse               Hex            ######..     1%          3    None
j - Ensorcelled Hibernat  Hex/Ice        ######       1%          2    None
k - Lightning Bolt        Conj/Air       ######....   1%          5    None
l - Enslavement           Hex            ######..     1%          4    None
m - Bolt of Magma         Conj/Fire/Erth ######....   1%          5    None


Dungeon Overview and Level Annotations

Branches:
Dungeon (1/1)

Altars:
Ashenzari
Cheibriados
Dithmenos
Elyvilon
Fedhas
Gozag
Kikubaaqudgha
Makhleb
Nemelex Xobeh
Okawaru
Qazlal
Ru
Sif Muna
Trog
Vehumet
Xom
Yredelemnul
Zin
The Shining One
Beogh
Jiyva
Lugonu


Message History

The anaconda constricts you.
The guardian serpent hits your water elemental!!
Your water elemental is destroyed!
You block the guardian serpent's attack.
GONNNNG!
The water moccasin bites you!
* * * LOW HITPOINT WARNING * * *
You are lethally poisoned!
The water moccasin poisons you!
Your water elemental hits the greater naga!!
Your water elemental engulfs the greater naga in water!
The greater naga misses you. The black mamba barely misses you.
The anaconda barely misses you.
* * * LOW HITPOINT WARNING * * *
The anaconda constricts you.
The guardian serpent casts a spell at you.
The bolt of poison hits the water moccasin.
The bolt of poison hits you!
You are more poisoned.
You die...

▓▓▓▓▓▓▓▓▓▓▓▓▓▓▓▓▓▓
▓...8©8...▓...8©8.
▓..[))}=|.▓..|.=..
▓..)\||[..▓...):}.
▓.........▓...)...
▓.≈≈≈.....▓..)....
▓≈SNE.....▓.......
▓SSE≈.....▓.....).
▓@SS≈≈....▓.....).
▓S▓≈≈...▓.▓.....).
▓.N.......▓.......
▓▓▓▓▓▓▓▓▓▓▓▓▓▓▓▓▓▓


You could see a naga warrior, a greater naga, an anaconda, 2 guardian serpents,
a black mamba, a water moccasin, a ball python and 2 friendly water elementals.

Vanquished Creatures
  A lich (D)
  2 vampire knights (D)
  A mummy priest (D)
  A deep elf knight (D)
  An ice devil (D)
  3 deep elf summoners (D)
  3 necromancers (D)
  A cyclops (D)
  A deep elf priest (D)
  3 merfolk (D)
  2 ushabtiu (D)
  A raiju (D)
  A redback (D)
  2 shadows (D)
  3 deep elf magi (D)
  4 deep elf fighters (D)
  A hippogriff (D)
  A wolf (D)
  A human zombie (D)
  A hell hound (D)
  2 orc warriors (D)
  A necrophage (D)
  A centaur (D)
  2 phantoms (D)
  A giant frog (D)
  2 crimson imps (D)
  2 hell rats (D)
  An iguana (D)
  4 sheep (D)
  3 mummies (D)
  An adder (D)
  3 white imps (D)
  An ufetubus (D)
  An adder zombie (D)
  4 orcs (D)
  A bat skeleton (D)
  A jackal (D)
  A ball python (D)
  A giant gecko skeleton (D)
  A quokka skeleton (D)
  A fungus (D)
69 creatures vanquished.

Vanquished Creatures (collateral kills)
  A water moccasin (D)
1 creature vanquished.

Vanquished Creatures (others)
  A lich (D)
  A water elemental (D)
2 creatures vanquished.

Grand Total: 72 creatures vanquished

Notes
Turn   | Place    | Note
--------------------------------------------------------------
     0 | D        | BluebellGnoll, the Deep Elf Fire Elementalist, began the quest for the Orb.
     0 | D        | Reached XP level 1. HP: 10/10 MP: 5/5
     0 | D        | Found a viscous altar of Jiyva.
     0 | D        | Found a corrupted altar of Lugonu.
     0 | D        | Found a white marble altar of Elyvilon.
     1 | D        | Found a sparkling altar of Nemelex Xobeh.
     1 | D        | Found a burning altar of Makhleb.
     1 | D        | Found a deep blue altar of Sif Muna.
     1 | D        | Found an iron altar of Okawaru.
     3 | D        | Found a basalt altar of Yredelemnul.
     3 | D        | Found a radiant altar of Vehumet.
     7 | D        | Found a bloodstained altar of Trog.
    29 | D        | Reached skill level 6 in Shields
    29 | D        | Reached XP level 2. HP: 15/15 MP: 8/8
    45 | D        | Found a shimmering altar of Xom.
    68 | D        | Became a worshipper of Vehumet
    74 | D        | Entered arena 1.
    74 | D        | Noticed a wolf
    80 | D        | Killed a wolf
    80 | D        | Reached skill level 5 in Spellcasting
    80 | D        | Reached skill level 7 in Fire Magic
    80 | D        | Reached XP level 3. HP: 19/19 MP: 10/14
    80 | D        | Reached XP level 4. HP: 24/24 MP: 12/17
    89 | D        | Learned a level 2 spell: Throw Flame
    93 | D        | Learned a level 3 spell: Conjure Flame
    98 | D        | Learned a level 4 spell: Sticky Flame
   102 | D        | Learned a level 3 spell: Inner Flame
   113 | D        | Entered arena 2.
   113 | D        | Noticed an iguana
   113 | D        | Noticed a giant frog
   116 | D        | Acquired Vehumet's first power
   116 | D        | Offered knowledge of Magic Dart by Vehumet.
   116 | D        | Reached XP level 5. HP: 21/28 MP: 18/20
   117 | D        | Killed a giant frog
   117 | D        | Reached skill level 5 in Conjurations
   119 | D        | Killed an iguana
   119 | D        | Reached skill level 8 in Spellcasting
   144 | D        | Learned a level 5 spell: Fireball
   245 | D        | Entered arena 3.
   245 | D        | Noticed a necrophage
   245 | D        | Noticed a phantom
   245 | D        | Noticed a phantom
   248 | D        | Offered knowledge of Freeze by Vehumet.
   253 | D        | Killed a necrophage
   253 | D        | Reached skill level 5 in Dodging
   253 | D        | Reached skill level 9 in Spellcasting
   253 | D        | Reached XP level 6. HP: 18/32 MP: 23/25
   258 | D        | Killed a phantom
   259 | D        | Killed a phantom
   262 | D        | Got the +9 shortbow "Taoxuuf" {flame, rPois rC+ MR+ Str-2}
   477 | D        | Entered arena 4.
   477 | D        | Noticed a crimson imp
   477 | D        | Noticed a hell hound
   480 | D        | Killed a crimson imp
   480 | D        | Offered knowledge of Stone Arrow by Vehumet.
   480 | D        | Acquired Vehumet's second power
   480 | D        | Reached XP level 7. HP: 34/36 MP: 27/27
   489 | D        | Killed a hell hound
   503 | D        | Learned a level 3 spell: Dazzling Spray
   503 | D        | Entered arena 5.
   503 | D        | Noticed a raiju
   503 | D        | Noticed a crimson imp
   503 | D        | Noticed an ice devil
   504 | D        | Acquired Vehumet's third power
   505 | D        | Killed a raiju
   505 | D        | Reached skill level 10 in Spellcasting
   505 | D        | Killed an ice devil
   505 | D        | Reached skill level 12 in Spellcasting
   505 | D        | Reached XP level 8. HP: 38/41 MP: 23/31
   508 | D        | Killed a crimson imp
   521 | D        | Learned a level 3 spell: Stone Arrow
   525 | D        | Learned a level 3 spell: Confuse
   528 | D        | Learned a level 2 spell: Ensorcelled Hibernation
   575 | D        | Entered arena 6.
   575 | D        | Noticed an orc warrior
   575 | D        | Noticed an orc warrior
   576 | D        | Offered knowledge of Static Discharge by Vehumet.
   578 | D        | Killed an orc warrior
   582 | D        | Killed an orc warrior
   582 | D        | Reached skill level 13 in Spellcasting
   591 | D        | Got the ring "Ikaadom" {SustAb rC++ Stlth---}
   596 | D        | Got the +0 robe "Dydumyarch" {rC++ Stlth+}
   649 | D        | Entered arena 7.
   649 | D        | Noticed a deep elf fighter
   649 | D        | Noticed a deep elf fighter
   649 | D        | Noticed a deep elf mage
   649 | D        | Noticed a deep elf mage
   649 | D        | Noticed a deep elf knight
   649 | D        | Noticed a deep elf summoner
   650 | D        | Killed a deep elf fighter
   650 | D        | Killed a deep elf mage
   650 | D        | Reached skill level 14 in Spellcasting
   651 | D        | Killed a deep elf mage
   651 | D        | Reached skill level 10 in Dodging
   651 | D        | Killed a deep elf fighter
   651 | D        | Reached XP level 9. HP: 45/45 MP: 30/33
   651 | D        | Killed a deep elf knight
   651 | D        | Reached skill level 16 in Spellcasting
   653 | D        | Killed a deep elf summoner
   653 | D        | Reached skill level 17 in Spellcasting
   668 | D        | Got the ring "Daviejut" {-Cast rC+ Slay+5}
   704 | D        | Entered arena 8.
   704 | D        | Noticed a deep elf priest
   704 | D        | Noticed a deep elf fighter
   704 | D        | Noticed a deep elf mage
   704 | D        | Noticed a deep elf summoner
   704 | D        | Noticed a deep elf fighter
   704 | D        | Noticed a deep elf summoner
   705 | D        | Killed a deep elf mage
   706 | D        | Killed a deep elf fighter
   706 | D        | Reached skill level 5 in Evocations
   708 | D        | Killed a deep elf fighter
   708 | D        | Killed a deep elf summoner
   708 | D        | Reached XP level 10. HP: 42/50 MP: 24/36
   709 | D        | Killed a deep elf priest
   709 | D        | Reached skill level 10 in Evocations
   711 | D        | Killed a deep elf summoner
   738 | D        | Learned a level 5 spell: Lightning Bolt
   856 | D        | Entered arena 9.
   856 | D        | Noticed an ushabti
   856 | D        | Noticed an ushabti
   856 | D        | Noticed a mummy priest
   857 | D        | Offered knowledge of Fulminant Prism by Vehumet.
   859 | D        | Killed a mummy priest
   859 | D        | Reached skill level 10 in Conjurations
   861 | D        | Killed an ushabti
   863 | D        | Killed an ushabti
   890 | D        | Learned a level 4 spell: Enslavement
   961 | D        | Entered arena 10.
   961 | D        | Noticed a cyclops
   961 | D        | Noticed a merfolk
   961 | D        | Noticed a merfolk
   961 | D        | Noticed a centaur
   961 | D        | Noticed a hippogriff
   961 | D        | Noticed a merfolk
   962 | D        | Killed a centaur
   963 | D        | Killed a hippogriff
   963 | D        | Killed a merfolk
   964 | D        | Killed a merfolk
   964 | D        | Killed a merfolk
   966 | D        | Killed a cyclops
  1193 | D        | Entered arena 11.
  1193 | D        | Noticed a necromancer
  1193 | D        | Noticed a necromancer
  1193 | D        | Noticed a vampire knight
  1193 | D        | Noticed a shadow
  1193 | D        | Noticed a lich
  1193 | D        | Noticed a shadow
  1193 | D        | Noticed a lich
  1194 | D        | Noticed a spellforged servitor
  1194 | D        | Noticed a vampire knight
  1194 | D        | Killed a shadow
  1194 | D        | Offered knowledge of Bolt of Magma by Vehumet.
  1194 | D        | Killed a shadow
  1196 | D        | Noticed a necromancer
  1197 | D        | Killed a vampire knight
  1197 | D        | Reached skill level 18 in Spellcasting
  1197 | D        | Reached XP level 11. HP: 54/54 MP: 26/37
  1198 | D        | Killed a lich
  1198 | D        | Reached skill level 19 in Spellcasting
  1198 | D        | Killed a necromancer
  1198 | D        | Killed a necromancer
  1198 | D        | Paralysed by a vampire knight for 3 turns
  1202 | D        | Killed a vampire knight
  1204 | D        | Killed a necromancer
  1204 | D        | Reached skill level 15 in Dodging
  1204 | D        | Reached skill level 20 in Spellcasting
  1204 | D        | Killed a lich
  1237 | D        | Identified a +3 rod of inaccuracy (14/14) (You found it in the Dungeon)
  1308 | D        | Learned a level 5 spell: Bolt of Magma
  1309 | D        | Entered arena 12.
  1309 | D        | Noticed a guardian serpent
  1309 | D        | Noticed a guardian serpent
  1309 | D        | Noticed a black mamba
  1309 | D        | Noticed a naga warrior
  1309 | D        | Noticed an anaconda
  1310 | D        | Noticed a water moccasin
  1310 | D        | Noticed a water moccasin
  1311 | D        | Noticed a greater naga
  1315 | D        | Killed a water moccasin
  1316 | D        | Killed from afar by a guardian serpent

Action                   |  1- 3 |  4- 6 |  7- 9 | 10-12 || total
-------------------------+-------+-------+-------+-------++-------
Melee: Broad axe         |     2 |    16 |     5 |     7 ||    30
 Cast: Flame Tongue      |       |     1 |     6 |       ||     7
       Throw Flame       |       |       |     3 |       ||     3
       Fireball          |       |       |    12 |    24 ||    36
       Dazzling Spray    |       |       |     1 |       ||     1
       Sticky Flame      |       |       |       |     1 ||     1
Evoke: Disc of storms    |       |       |       |     1 ||     1
       Phial of floods   |       |       |       |     1 ||     1
  Use: Potion            |     1 |     1 |     1 |     4 ||     7
       Scroll            |       |       |     1 |     4 ||     5
 Stab: Sleeping          |     2 |       |       |       ||     2
  Eat: Fruit             |       |     8 |       |       ||     8
